 Dungeon Crawl Stone Soup version 0.24.0-37-gcf1ca852f1 (webtiles) character file.

Game seed: 3975545888741197758, levelgen mode: deterministic

110 MJtheKandyman the Firebug (level 4, -2/25 HPs)
             Began as a Deep Elf Fire Elementalist on Nov 22, 2019.
             Killed from afar by Natasha (6 damage)
             ... with a magic dart
             ... on level 2 of the Dungeon.
             The game lasted 00:08:10 (2324 turns).

MJtheKandyman the Firebug (DEFE)                    Turns: 2324, Time: 00:08:10

Health: -2/25      AC:  2    Str:  5    XL:     4   Next: 61%
Magic:  12/12      EV: 13    Int: 26    God:
Gold:   88         SH:  0    Dex: 15    Spells: 10/11 levels left

rFire    . . .     SeeInvis .   j - +0 short sword
rCold    . . .     Gourm    .   (no shield)
rNeg     . . .     Faith    .   a - +0 robe
rPois    .         Spirit   .   (no helmet)
rElec    .         Reflect  .   (no cloak)
rCorr    .         Harm     .   (no gloves)
MR       .....                  (no boots)
Stlth    ++........             (no amulet)
HPRegen  0.08/turn              (no ring)
MPRegen  0.13/turn              (no ring)

@: brilliant, flying, slowed, very slow
A: no striking features
a: no special abilities


You were on level 2 of the Dungeon.
You were not hungry.

You visited 1 branch of the dungeon, and saw 3 of its levels.

You collected 88 gold pieces.

Inventory:

Hand Weapons
 j - a +0 short sword (weapon)
 l - a +0 short sword
Missiles
 b - 12 poisoned darts
 e - 75 stones (quivered)
Armour
 a - a +0 robe (worn)
 g - a +0 cloak
 h - a scarf of cloud immunity
Scrolls
 d - a scroll of random uselessness {unknown}
 f - 2 scrolls of identify {unknown}
 i - a scroll of noise {unknown}
 m - 3 scrolls of remove curse {unknown}
 o - a scroll of teleportation {unknown}
 p - a scroll of fog {unknown}
Comestibles
 c - 4 rations
 q - 4 chunks of flesh


   Skills:
 + Level 1.3 Fighting
 + Level 3.3 Dodging
 - Level 2.4 Stealth
 + Level 4.0 Spellcasting
 + Level 2.3 Conjurations
 + Level 4.0 Fire Magic


You had 10 spell levels left.
You knew the following spells:

 Your Spells              Type           Power        Failure   Level  Hunger
a - Flame Tongue          Conj/Fire      #####        1%          1    None

Your spell library contained the following spells:

 Spells                   Type           Power        Failure   Level  Hunger
 Throw Flame              Conj/Fire      #####.       1%          2    None
 Conjure Flame            Conj/Fire      #####...     1%          3    ##.....
 Inner Flame              Hex/Fire       ####....     1%          3    ##.....
 Sticky Flame             Conj/Fire      #####...     2%          4    ####...
 Fireball                 Conj/Fire      #####.....   8%          5    #####..


Dungeon Overview and Level Annotations

Branches:
Dungeon (3/15)

Altars:
Wu Jian

Annotations:
D:2 Natasha


Message History

The goblin hits you but does no damage. Natasha closely misses you.
The orc hits you.
You climb upwards.
There is a stone staircase leading down here.
It was a potion of flight.
You feel very buoyant.
You fly up into the air.
Natasha claws you.
* * * LOW HITPOINT WARNING * * *
The goblin closely misses you. The orc barely misses you.
The goblin barely misses you. Natasha misses you.
It was a potion of brilliance.
You feel clever all of a sudden. The orc closely misses you.
Natasha barely misses you. The goblin hits you but does no damage.
The orc hits you.
* * * LOW HITPOINT WARNING * * *
Natasha misses you. The goblin hits you but does no damage.
The goblin closely misses you. Natasha casts a spell at you.
The magic dart hits you.
You die...

#.#...#.##.###.##..#
#.#.#..............#
##'#.#.#.##.###.##.##
#....#.#'##......#.#
#............##....#
#............#####.#
###............#...#.#
#........hog...#.#.#.######
#.........@....#.#.........
#..............#.#...#####.
#..............#.#.........
#..............#.#..#######
#...##.........#.#..#
#...##.........#.#..#
#...##.######..#.#..#
#...##.# #..#.#..# #...##.#
#..#.#..#


You could see Natasha, an orc and a goblin.

Vanquished Creatures
  A scorpion (D:2)
  3 gnolls (D:2)
  An ooze (D:1)
  2 dart slugs
  A leopard gecko (D:2)
  2 goblins
  A hobgoblin (D:1)
  A jackal (D:2)
  5 bats
  3 frilled lizards
  3 kobolds
  4 rats (D:2)
27 creatures vanquished.

Notes
Turn   | Place    | Note
-------+----------+-------------------------------------------
     0 | D:1      | MJtheKandyman the Deep Elf Fire Elementalist began the
                  | quest for the Orb.
     0 | D:1      | Reached XP level 1. HP: 10/10 MP: 6/6
   420 | D:1      | Reached XP level 2. HP: 15/15 MP: 6/8
  1164 | D:2      | Reached XP level 3. HP: 20/20 MP: 6/9
  1596 | D:2      | Noticed a scorpion
  1628 | D:2      | Killed a scorpion
  1628 | D:2      | Reached skill level 1 in Fighting
  1628 | D:2      | Reached XP level 4. HP: 10/25 MP: 2/11
  2020 | D:2      | Found an ornate altar of the Wu Jian Council.
  2309 | D:2      | You fall into a shaft and drop 1 floor!
  2311 | D:3      | Noticed Natasha
  2324 | D:2      | Killed from afar by Natasha

Levels and vault maps discovered:
D:1:      lightli_arrival_quake, layout_basic, serial_bayou_pond_e, minivault_5,
          minmay_misc_feat_diagonals
D:2:      layout_basic, marbit_many_paths, old_standard_altar,
          uniq_crazy_yiuf_cottage
D:3:      layout_loops_ring, uniq_natasha

Skill      XL: |  1  2  3  4 |
---------------+-------------+-----
Fighting       | 1 |  1.3
Dodging        | 3 |  3.3
Conjurations   | 2 |  2.3
Fire Magic     | 4 |  4.0
Spellcasting   | 4 |  4.0
Stealth        | |  2.4

Action                   |  1- 3 |  4- 6 || total
-------------------------+-------+-------++-------
Throw: Stone             |     4 |     2 ||     6
 Cast: Flame Tongue      |    49 |    11 ||    60
  Use: Potion            |       |     2 ||     2
  Eat: Chunk             |     2 |     2 ||     4
Armor: Robe              |     4 |     2 ||     6
Dodge: Dodged            |    14 |    15 ||    29
